[Event "Titled Tuesday Blitz January 31 Early 2023"]
[White "Chigaev, Maksim"]
[Black "Volkov, Maksim"]
[WhiteFideId "4108116"]
[BlackFideId "54123070"]
[WhiteElo "2628"]
[BlackElo "2258"]
[Result "1/2-1/2"]
[Round "02"]
[TimeControl "180+2"]
[Date "2023.01.31"]
[WhiteClock "0:00:08"]
[BlackClock "0:00:14"]

1. e4 e6 2. d4 d5 3. Nd2 c5 4. Ngf3 Nf6 5. e5 Nfd7 6. c3 Nc6 7. Be2 f6 8. exf6 Qxf6 9. Nb3 h6 10. O-O Bd6 11. dxc5 Nxc5 12. Be3 Nxb3 13. axb3 O-O 14. b4 Bd7 15. Bc5 Bxc5 16. bxc5 Qf7 17. Bb5 Qe7 18. Bxc6 Bxc6 19. Qd4 Rxf3 20. gxf3 e5 21. Qg4 Rf8 22. Rfe1 a6 23. Rad1 Qf6 24. Qg3 Re8 25. Re3 Re6 26. Kh1 Qf5 27. Rg1 Re7 28. Qg4 Qxg4 29. Rxg4 Kf7 30. Kg2 Kf6 31. h4 g5 32. hxg5+ hxg5 33. Rg3 Bd7 34. Re1 Kg6 35. Rg1 Rf7 36. Kf1 Rf5 37. Ke2 d4 38. cxd4 exd4 39. Kd3 Rxc5 40. Kxd4 Rf5 41. Re1 Kf7 42. Re5 Rf4+ 43. Kc3 Bc6 44. Rexg5 Bxf3 45. Rg7+ Kf8 46. Rg8+ Ke7 47. R3g7+ Kd6 48. Rd8+ Kc6 49. Rc8+ Kb6 50. Rc4 Rf6 51. Rd4 Bc6 52. Rd2 Rf5 53. Rg3 a5 54. Kd3 Kc5 55. Ke3 Kb4 56. f4 Rf7 57. Rg5 Re7+ 58. Re5 Rf7 59. Rf2 b5 60. f5 a4 61. f6 Kb3 62. Re7 Rf8 63. f7 Bd5 64. Rf5 Bc4 65. Rf2 b4 66. Kd4 Bxf7 67. Rexf7 Rxf7 68. Rxf7 a3 69. bxa3 bxa3 70. Rb7+ Kc2 71. Ra7 Kb2 72. Kd3 a2 73. Rb7+ Kc1 74. Ra7 Kb2 75. Rb7+ Kc1 76. Ra7 Kb2 1/2-1/2


[Site "https://www.chess.com"]

[Event "Titled Tuesday Blitz January 31 Early 2023"]
[White "Alex_Sahakyan2006"]
[Black "Narayanan.S.L"]
[BlackFideId "5058422"]
[WhiteElo "2661"]
[BlackElo "2660"]
[Result "0-1"]
[Round "02"]
[TimeControl "180+2"]
[Date "2023.01.31"]
[WhiteClock "0:00:02"]
[BlackClock "0:01:06"]

1. d4 d5 2. c4 e6 3. Nf3 c5 4. cxd5 exd5 5. g3 Nc6 6. Bg2 Nf6 7. O-O Be7 8. dxc5 Bxc5 9. a3 O-O 10. b4 Bb6 11. Bb2 Ne4 12. Nbd2 Nd6 13. Qb3 Be6 14. Rfd1 h6 15. Qd3 Qe7 16. Rac1 Rfd8 17. e3 Nc4 18. Nxc4 dxc4 19. Qc3 Rxd1+ 20. Rxd1 f6 21. Bf1 Qf7 22. a4 a5 23. b5 Nb4 24. Rd6 Bd5 25. Rxb6 Bxf3 26. Bxc4 Bd5 27. Bf1 Qg6 28. Qd4 Qf5 29. Rd6 Be4 30. Be2 Rc8 31. Rd8+ Rxd8 32. Qxd8+ Kh7 33. Qd6 Nd5 34. g4 Qg5 35. Qg3 Nb4 36. Bc3 Qd5 37. h4 Qb3 38. Bxb4 axb4 39. Qf4 Qb1+ 40. Bf1 b3 41. g5 b2 42. gxf6 Qxf1+ 43. Kxf1 b1=Q+ 44. Ke2 Qc2+ 45. Kf1 Qd1# 0-1


[Site "https://www.chess.com"]

[Event "Titled Tuesday Blitz January 31 Early 2023"]
[White "Korobov, Anton"]
[Black "Florescu, Codrut-Constantin"]
[WhiteFideId "14105730"]
[BlackFideId "1202200"]
[WhiteElo "2664"]
[BlackElo "2259"]
[Result "1-0"]
[Round "02"]
[TimeControl "180+2"]
[Date "2023.01.31"]
[WhiteClock "0:01:41"]
[BlackClock "0:01:08"]

1. d4 Nf6 2. c4 e6 3. Nc3 Bb4 4. e3 O-O 5. Bd3 d5 6. Nf3 c5 7. O-O dxc4 8. Bxc4 Qe7 9. a3 Ba5 10. Qe2 Bd7 11. Rd1 Rc8 12. Bd2 cxd4 13. exd4 Nc6 14. Rac1 Bb6 15. Bg5 Qd6 16. Bxf6 gxf6 17. d5 exd5 18. Nxd5 Bd8 19. Nb6 1-0


[Site "https://www.chess.com"]

[Event "Titled Tuesday Blitz January 31 Early 2023"]
[White "Svane, Rasmus"]
[Black "Taspinar, Yanki"]
[WhiteFideId "4657101"]
[BlackFideId "34561188"]
[WhiteElo "2623"]
[BlackElo "2262"]
[Result "1-0"]
[Round "02"]
[TimeControl "180+2"]
[Date "2023.01.31"]
[WhiteClock "0:00:40"]
[BlackClock "0:00:06"]

1. Nf3 Nf6 2. g3 g6 3. Bg2 Bg7 4. O-O O-O 5. d4 d5 6. c4 c6 7. Qb3 dxc4 8. Qxc4 Be6 9. Qc2 h6 10. e4 Nbd7 11. Nc3 Rc8 12. h3 b5 13. Be3 Nb6 14. b3 Qc7 15. Rac1 Qb7 16. Rfd1 Rfd8 17. Ne2 g5 18. h4 Ng4 19. hxg5 Nxe3 20. fxe3 Bg4 21. Nh2 Qd7 22. gxh6 Bxh6 23. Kf2 Bh5 24. Bf3 Bxf3 25. Nxf3 Qg4 26. Rh1 Bg7 27. Rh4 Qd7 28. e5 f5 29. exf6 exf6 30. Qh7+ Kf8 31. Nf4 Qf7 32. Rg4 Qg8 33. Ne6+ Qxe6 34. Qxg7+ Ke8 35. Rh1 Qf7 36. Re4+ 1-0


[Site "https://www.chess.com"]

[Event "Titled Tuesday Blitz January 31 Early 2023"]
[White "Shimanov, Aleksandr"]
[Black "Atakhan, Abtin"]
[WhiteFideId "4198603"]
[BlackFideId "22502203"]
[WhiteElo "2581"]
[BlackElo "2422"]
[Result "1-0"]
[Round "02"]
[TimeControl "180+2"]
[Date "2023.01.31"]
[WhiteClock "0:00:11"]
[BlackClock "0:00:04"]

1. e4 c5 2. d4 cxd4 3. Qxd4 Nc6 4. Qd3 d6 5. Nc3 g6 6. Nf3 Bg7 7. Be2 Nf6 8. O-O Bg4 9. Nd5 O-O 10. c3 Rc8 11. Bg5 Bxf3 12. Qxf3 Ne5 13. Qe3 a6 14. Rad1 Re8 15. h4 Qa5 16. a3 Nc4 17. Bxc4 Rxc4 18. Bxf6 exf6 19. Qf3 Rcxe4 20. Nxf6+ Bxf6 21. Qxf6 R8e6 22. Qf3 Qb5 23. h5 gxh5 24. b4 h4 25. Rd3 Qe5 26. Rfd1 Rf6 27. Qh3 Re1+ 28. Rxe1 Qxe1+ 29. Kh2 Qxf2 30. Rd4 Rg6 31. Rxh4 Qd2 32. Qf3 Rh6 33. Qg3+ Kf8 34. c4 Rxh4+ 35. Qxh4 h6 36. Qf6 Qe3 37. Qxd6+ Kg7 38. a4 Qc3 39. Qg3+ Qxg3+ 40. Kxg3 Kf6 41. Kf4 Ke6 42. g4 a5 43. bxa5 Kd6 44. Kf5 Kc5 45. Kf6 Kxc4 46. Kxf7 Kb4 47. Kg6 Kxa5 48. Kxh6 Kxa4 49. g5 b5 50. g6 b4 51. g7 b3 52. g8=Q Ka3 53. Qf8+ Ka2 54. Qf7 1-0


[Site "https://www.chess.com"]

[Event "Titled Tuesday Blitz January 31 Early 2023"]
[White "Han, Yichen"]
[Black "Lenderman, Aleksandr"]
[WhiteFideId "1054430"]
[BlackFideId "2021285"]
[WhiteElo "2413"]
[BlackElo "2572"]
[Result "0-1"]
[Round "02"]
[TimeControl "180+2"]
[Date "2023.01.31"]
[WhiteClock "0:00:23"]
[BlackClock "0:01:09"]

1. e4 e6 2. Ke2 d5 3. Ke1 dxe4 4. Nc3 Nf6 5. g3 Bc5 6. Bg2 Qd4 7. Qe2 Nc6 8. Nxe4 Bb6 9. c3 Qd8 10. d4 Nxe4 11. Bxe4 O-O 12. Nf3 e5 13. dxe5 Bg4 14. h3 Bxf3 15. Bxf3 Nxe5 16. Kf1 Qf6 17. Bf4 Rae8 18. Kg2 Ng6 19. Qd2 Rd8 20. Qc1 Nxf4+ 21. Qxf4 Qxf4 22. gxf4 Rd2 23. Bxb7 Rxf2+ 24. Kg3 Rxb2 25. Be4 Re8 26. Bf3 g6 27. Rh2 Rxh2 28. Kxh2 Re3 29. Kg3 Rxc3 30. Rd1 Bc5 31. Rd7 Bd6 32. Kg2 Rc5 33. a4 Rf5 34. Rd8+ Kg7 35. Ra8 a5 36. Bg4 Rc5 37. Kg3 f5 38. Bf3 g5 0-1


[Site "https://www.chess.com"]

[Event "Titled Tuesday Blitz January 31 Early 2023"]
[White "Dominguez Perez, Leinier"]
[Black "Karthik Rajaa"]
[WhiteFideId "3503240"]
[BlackFideId "25035215"]
[WhiteElo "2739"]
[BlackElo "2276"]
[Result "1-0"]
[Round "02"]
[TimeControl "180+2"]
[Date "2023.01.31"]
[WhiteClock "0:01:28"]
[BlackClock "0:00:18"]

1. d4 Nf6 2. Nf3 g6 3. e3 Bg7 4. Be2 O-O 5. O-O d6 6. c4 Nbd7 7. Nc3 e5 8. Qc2 Re8 9. Rd1 c6 10. b4 e4 11. Nd2 Qe7 12. a4 h5 13. Ba3 h4 14. h3 Nf8 15. b5 N8h7 16. bxc6 bxc6 17. Rab1 Ng5 18. Bf1 Bf5 19. Rdc1 Qd7 20. Qd1 Rab8 21. a5 Nfh7 22. Rxb8 Rxb8 23. Rb1 Rxb1 24. Qxb1 Qc7 25. a6 Bc8 26. Ndxe4 Nxe4 27. Nxe4 Bf8 28. c5 dxc5 29. Bxc5 Bf5 30. Qb7 1-0


[Site "https://www.chess.com"]

[Event "Titled Tuesday Blitz January 31 Early 2023"]
[White "Carnicelli, Valerio"]
[Black "Rasulov, Vugar"]
[WhiteFideId "856185"]
[BlackFideId "13402390"]
[WhiteElo "2370"]
[BlackElo "2523"]
[Result "0-1"]
[Round "02"]
[TimeControl "180+2"]
[Date "2023.01.31"]
[WhiteClock "0:00:39"]
[BlackClock "0:01:24"]

1. b3 e5 2. Bb2 Nc6 3. c4 g6 4. f4 Bg7 5. Nf3 d6 6. g3 Nge7 7. Bg2 O-O 8. fxe5 dxe5 9. e4 Bg4 10. O-O Nd4 11. d3 Nec6 12. Nbd2 Qd6 13. h3 Bxf3 14. Nxf3 Rad8 15. Rf2 Nxf3+ 16. Rxf3 f5 17. Qe2 Nd4 18. Qf2 Nxf3+ 19. Qxf3 Qxd3 20. exf5 Qxf3 21. Bxf3 gxf5 22. Bxb7 Rd2 23. Bd5+ Kh8 24. Ba3 e4 25. Rf1 Rf6 26. Bc1 Rd3 27. Bf4 c6 28. Be5 cxd5 29. Bxf6 Bxf6 30. Rxf5 Bd4+ 31. Kf1 dxc4 32. bxc4 Rxg3 33. Rf4 Rf3+ 0-1


[Site "https://www.chess.com"]

[Event "Titled Tuesday Blitz January 31 Early 2023"]
[White "Mosadeghpour, Masoud"]
[Black "Aloma Vidal, Robert"]
[WhiteFideId "12519278"]
[BlackFideId "2260409"]
[WhiteElo "2472"]
[BlackElo "2442"]
[Result "1-0"]
[Round "02"]
[TimeControl "180+2"]
[Date "2023.01.31"]
[WhiteClock "0:01:06"]
[BlackClock "0:00:26"]

1. e4 e5 2. Nf3 Nf6 3. Nc3 Nc6 4. g3 Bc5 5. Bg2 d6 6. d3 a6 7. Be3 O-O 8. h3 Bxe3 9. fxe3 d5 10. exd5 Nxd5 11. Nxd5 Qxd5 12. O-O Qc5 13. Qd2 h6 14. Kh2 Qb6 15. c3 e4 16. dxe4 Be6 17. Nd4 Rad8 18. Qf2 Ne5 19. Rad1 c5 20. Nf5 Nd3 21. Qe2 Qxb2 22. Rd2 Qxc3 23. Rfd1 c4 24. Nd4 b5 25. a4 b4 26. Rc2 Qa3 27. Nxe6 fxe6 28. Rxc4 Nb2 29. Rxd8 Rxd8 30. Rd4 Rxd4 31. exd4 b3 32. Qxa6 Nxa4 33. Qxe6+ Kh8 34. e5 Qa2 35. h4 Nc3 36. Qc8+ Kh7 37. Qxc3 b2 38. Be4+ Kg8 39. Qc8+ Kf7 40. e6+ Qxe6 41. Qxe6+ Kxe6 42. Kg2 g5 43. h5 b1=Q 44. Bxb1 Kd5 45. Kf3 Kxd4 46. Bc2 Ke5 47. Ke3 Kd5 48. Bb3+ Ke5 49. g4 Kf6 50. Ke4 Kg7 51. Kf5 Kh7 52. Bc2 Kg7 53. Ke6 1-0


[Site "https://www.chess.com"]

[Event "Titled Tuesday Blitz January 31 Early 2023"]
[White "Zierk, Steven"]
[Black "Belozerov, Andrei"]
[WhiteFideId "2034255"]
[BlackFideId "4120213"]
[WhiteElo "2488"]
[BlackElo "2461"]
[Result "1-0"]
[Round "02"]
[TimeControl "180+2"]
[Date "2023.01.31"]
[WhiteClock "0:01:34"]
[BlackClock "0:00:26"]

1. e4 c5 2. Nf3 Nc6 3. Bb5 g6 4. O-O Bg7 5. c3 Nf6 6. Re1 O-O 7. d4 d5 8. e5 Ne4 9. Be3 cxd4 10. cxd4 Bf5 11. Nbd2 f6 12. exf6 Bxf6 13. Rc1 Qb6 14. Qb3 Rad8 15. Bxc6 bxc6 16. Qxb6 axb6 17. Rxc6 b5 18. Nb3 Bg4 19. Ne5 Rc8 20. Na5 Bxe5 21. dxe5 Bd7 22. Rxc8 Rxc8 23. Nb3 h6 24. h4 Kg7 25. Kh2 Rc2 26. f3 Rxb2 27. fxe4 dxe4 28. Bd4 1-0


[Site "https://www.chess.com"]

[Event "Titled Tuesday Blitz January 31 Early 2023"]
[White "Bruzon Batista, Lazaro"]
[Black "Kononenko, Dmitry"]
[WhiteFideId "3503739"]
[BlackFideId "14113538"]
[WhiteElo "2611"]
[BlackElo "2256"]
[Result "1-0"]
[Round "02"]
[TimeControl "180+2"]
[Date "2023.01.31"]
[WhiteClock "0:00:32"]
[BlackClock "0:00:47"]

1. e4 c6 2. d4 d5 3. e5 Bf5 4. Be3 e6 5. Nd2 Nd7 6. Be2 c5 7. Ngf3 cxd4 8. Nxd4 Bg6 9. N2f3 Ne7 10. O-O a6 11. c4 dxc4 12. Bxc4 Rc8 13. Rc1 Nc6 14. Nxc6 Rxc6 15. Qb3 Qc7 16. Nd4 Nc5 17. Qd1 Rb6 18. b4 Rxb4 19. Bxe6 Be7 20. Nb3 b6 21. Nxc5 Bxc5 22. Bxc5 bxc5 23. Rxc5 Qb7 24. Rc8+ Qxc8 25. Bxc8 O-O 26. Qd6 Rb2 27. Bxa6 Rxa2 28. Bc4 Raa8 29. f4 Be4 30. Qd4 Bc6 31. f5 Rad8 32. Qf4 Kh8 33. f6 g6 34. h4 Rd7 35. Qh6 Rg8 36. e6 fxe6 37. f7 1-0


[Site "https://www.chess.com"]

[Event "Titled Tuesday Blitz January 31 Early 2023"]
[White "Domingo Nunez, Alejandro"]
[Black "Vokhidov, Shamsiddin"]
[WhiteFideId "22245561"]
[BlackFideId "14204223"]
[WhiteElo "2338"]
[BlackElo "2586"]
[Result "0-1"]
[Round "02"]
[TimeControl "180+2"]
[Date "2023.01.31"]
[WhiteClock "0:00:04"]
[BlackClock "0:00:49"]

1. e4 Nf6 2. e5 Nd5 3. c4 Nb6 4. d4 d6 5. f4 dxe5 6. fxe5 Nc6 7. Be3 Bf5 8. Nc3 e6 9. Nf3 Be7 10. Be2 f6 11. exf6 Bxf6 12. O-O Qd7 13. d5 Ne7 14. Nd4 O-O-O 15. g4 exd5 16. c5 Nc4 17. Bxc4 Bxg4 18. Be2 Bh3 19. Rf3 Bg4 20. Rg3 Bxe2 21. Qxe2 Rde8 22. Qd3 Bxd4 23. Bxd4 Nf5 24. Rg2 Rhf8 25. Rd1 Nh4 26. Rg3 Qf7 27. Rf1 Qh5 28. Rxf8 Rxf8 29. Ne2 Nf3+ 30. Kg2 Ne1+ 0-1


[Site "https://www.chess.com"]

[Event "Titled Tuesday Blitz January 31 Early 2023"]
[White "Jianu, Vlad-Cristian"]
[Black "Hakobyan, Aram"]
[WhiteFideId "1208110"]
[BlackFideId "13306677"]
[WhiteElo "2504"]
[BlackElo "2608"]
[Result "0-1"]
[Round "02"]
[TimeControl "180+2"]
[Date "2023.01.31"]
[WhiteClock "0:00:46"]
[BlackClock "0:01:00"]

1. d4 Nf6 2. c4 g6 3. Nc3 Bg7 4. e4 d6 5. Nf3 O-O 6. Be2 Bg4 7. Be3 Nbd7 8. O-O e5 9. d5 Bxf3 10. Bxf3 a5 11. a3 h5 12. b4 Kh7 13. Qd2 Ng8 14. c5 Bh6 15. cxd6 cxd6 16. Nb5 Bxe3 17. Qxe3 Qe7 18. Rac1 axb4 19. axb4 Ngf6 20. Rc7 Rfb8 21. Qg5 Qd8 22. Rfc1 Ra6 23. g3 Kg7 24. h4 Rb6 25. Na7 Rxb4 26. Rc8 Rxc8 27. Nxc8 Nc5 28. Na7 Qb6 29. Nc8 Qc7 30. Na7 Qb8 31. Qd2 Rb3 32. Bd1 Qxa7 0-1


[Site "https://www.chess.com"]

[Event "Titled Tuesday Blitz January 31 Early 2023"]
[White "Arenas, David"]
[Black "Svidler, Peter"]
[WhiteFideId "4403177"]
[BlackFideId "4102142"]
[WhiteElo "2426"]
[BlackElo "2683"]
[Result "0-1"]
[Round "02"]
[TimeControl "180+2"]
[Date "2023.01.31"]
[WhiteClock "0:00:15"]
[BlackClock "0:01:36"]

1. e4 c5 2. Nf3 e6 3. d4 cxd4 4. Nxd4 a6 5. Bd3 Bc5 6. Nb3 Be7 7. O-O d6 8. a4 Nd7 9. Qe2 Ngf6 10. Na3 b6 11. Nc4 Bb7 12. f3 O-O 13. Be3 d5 14. exd5 Nxd5 15. Bd2 Qc7 16. f4 Nb4 17. Bxb4 Bxb4 18. Kh1 Nf6 19. Ne5 Bd6 20. Rad1 g6 21. Nd4 Nd5 22. Ng4 Nxf4 23. Rxf4 Bxf4 24. Rf1 Kg7 25. Qf2 e5 26. Ne2 f5 0-1


[Site "https://www.chess.com"]

[Event "Titled Tuesday Blitz January 31 Early 2023"]
[White "Klose, Eli"]
[Black "Timofeev, Artyom"]
[WhiteFideId "16242955"]
[BlackFideId "4140419"]
[WhiteElo "1519"]
[BlackElo "2567"]
[Result "0-1"]
[Round "02"]
[TimeControl "180+2"]
[Date "2023.01.31"]
[WhiteClock "0:00:42"]
[BlackClock "0:00:18"]

1. e4 c5 2. Nc3 e6 3. g3 Nc6 4. Bg2 g6 5. d3 Bg7 6. Be3 Nd4 7. Qd2 Ne7 8. Nd1 d6 9. c3 Ndc6 10. Bh6 O-O 11. h4 f6 12. Bxg7 Kxg7 13. Ne2 e5 14. f4 h5 15. Ne3 f5 16. O-O Bd7 17. d4 cxd4 18. cxd4 fxe4 19. d5 Qa5 20. Qxa5 Nxa5 21. fxe5 dxe5 22. Rxf8 Rxf8 23. b4 Bb5 24. Nc3 Nc4 25. d6 Nxd6 26. Nxb5 Nxb5 27. Bxe4 b6 28. Rc1 Nd6 29. Bg2 Nef5 30. Nxf5+ gxf5 31. Bd5 Kf6 32. Rc7 e4 33. Rxa7 Ke5 34. Bc6 f4 35. gxf4+ Rxf4 36. b5 Nf5 37. a4 e3 38. Ra8 Nd6 39. Ra7 Ke6 40. Bd7+ Kf6 41. Ra8 e2 42. Rf8+ Nf7 43. Re8 Ne5 44. Rf8+ Ke7 45. Rxf4 e1=Q+ 46. Rf1 Qg3+ 47. Kh1 Nxd7 0-1


[Site "https://www.chess.com"]

[Event "Titled Tuesday Blitz January 31 Early 2023"]
[White "Predke, Alexandr"]
[Black "Chor, Kevin"]
[WhiteFideId "24107581"]
[BlackFideId "2090740"]
[WhiteElo "2685"]
[BlackElo "1944"]
[Result "1/2-1/2"]
[Round "02"]
[TimeControl "180+2"]
[Date "2023.01.31"]
[WhiteClock "0:00:14"]
[BlackClock "0:00:30"]

1. d4 Nf6 2. Nf3 g6 3. Nbd2 Bg7 4. e4 d6 5. Bd3 O-O 6. O-O Nbd7 7. a4 e5 8. dxe5 dxe5 9. b4 Nh5 10. Nb3 Nf4 11. a5 a6 12. Re1 Nf6 13. Bxf4 exf4 14. Qd2 Nh5 15. Rad1 Bg4 16. Nc5 Bxf3 17. gxf3 b6 18. Nb3 Qe7 19. c3 Rad8 20. Qc2 Qf6 21. e5 Qg5+ 22. Kh1 Bxe5 23. Bxa6 Qf6 24. axb6 cxb6 25. c4 Bc3 26. Rxd8 Rxd8 27. Rd1 Bxb4 28. Rxd8+ Qxd8 29. Bb7 Ng7 30. Bd5 Nf5 31. Qe4 Bd6 32. Nd4 Nxd4 33. Qxd4 Bc5 34. Qd2 Qf6 35. Kg2 Kg7 36. Qe2 h5 37. h3 Qg5+ 38. Kf1 Qf6 39. Kg2 Qa1 40. Qe8 Qf6 41. Qd7 Qe7 42. Qxe7 Bxe7 43. Kf1 f6 44. Ke2 g5 45. Bc6 f5 46. Bd7 Kf6 47. Be8 g4 48. fxg4 fxg4 49. hxg4 hxg4 50. f3 g3 51. Kf1 Ke5 52. Kg2 Kd4 53. Bb5 Ke3 54. Ba6 Bc5 55. Bb5 Ke2 56. Ba6 Kd3 57. Bb5 Kc3 58. Ba6 Kb4 59. Bb5 Ka5 60. Kf1 Kb4 61. Kg2 Kc3 62. Kf1 Kd3 63. Kg2 Kc2 64. Ba6 1/2-1/2


[Site "https://www.chess.com"]

[Event "Titled Tuesday Blitz January 31 Early 2023"]
[White "Mitrabha, Guha"]
[Black "Arabidze, Meri"]
[WhiteFideId "5057000"]
[BlackFideId "13604040"]
[WhiteElo "2507"]
[BlackElo "2441"]
[Result "1-0"]
[Round "02"]
[TimeControl "180+2"]
[Date "2023.01.31"]
[WhiteClock "0:01:20"]
[BlackClock "0:00:07"]

1. d4 f5 2. Nc3 Nf6 3. Bg5 d5 4. Bxf6 exf6 5. e3 c6 6. Bd3 Na6 7. a3 Nc7 8. Qf3 g6 9. h3 Ne6 10. g4 f4 11. exf4 Nxd4 12. Qe3+ Qe7 13. O-O-O Qxe3+ 14. fxe3 Ne6 15. Nge2 Bc5 16. e4 Nxf4 17. Nxf4 Be3+ 18. Kb1 Bxf4 19. exd5 Be5 20. dxc6 bxc6 21. Rhe1 O-O 22. Ne4 Rb8 23. c3 f5 24. gxf5 Bxf5 25. Kc2 Bxh3 26. Rd2 Bf5 27. b4 Bf4 28. Rde2 h5 29. Nc5 Bxd3+ 30. Nxd3 Rbd8 31. Re6 Kg7 32. Rg1 g5 33. Nxf4 Rxf4 34. Rxg5+ Kf7 35. Rxc6 Rf2+ 36. Kb3 h4 37. Rh5 Rh2 38. Rh7+ Kg8 39. Rxa7 h3 40. Rg6+ Kh8 41. Rg4 Rh1 42. Ra5 Rd7 43. Rh4+ Rh7 44. Ra8+ Kg7 45. Ra7+ Kg6 46. Raxh7 1-0


[Site "https://www.chess.com"]

[Event "Titled Tuesday Blitz January 31 Early 2023"]
[White "Korchmar, Vasiliy"]
[Black "Drygalov, Sergey"]
[WhiteFideId "24131750"]
[BlackFideId "24171743"]
[WhiteElo "2438"]
[BlackElo "2547"]
[Result "0-1"]
[Round "02"]
[TimeControl "180+2"]
[Date "2023.01.31"]
[WhiteClock "0:00:02"]
[BlackClock "0:00:46"]

1. e4 c5 2. Nf3 d6 3. d4 cxd4 4. Nxd4 Nf6 5. Nc3 a6 6. Be2 e5 7. Nb3 Be7 8. O-O O-O 9. Be3 Be6 10. Nd5 Nbd7 11. Qd3 Bxd5 12. exd5 Ne8 13. c4 Bg5 14. Rad1 Rc8 15. Bg4 Bxe3 16. fxe3 g6 17. e4 Rc7 18. Bxd7 Qxd7 19. Rf2 b6 20. Rdf1 Qa4 21. Rc2 Ng7 22. Kh1 Nh5 23. Rfc1 Rfc8 24. h3 Nf4 25. Qf1 Qxa2 26. Nd2 Qa4 27. g3 Nh5 28. Qf2 Qd7 29. Kg2 Rb7 30. b4 a5 31. c5 bxc5 32. bxc5 dxc5 33. Rxc5 Rxc5 34. Qxc5 Rb2 35. Qxa5 Qe7 36. Rc8+ Kg7 37. Qc3 Ra2 38. h4 Ra3 39. Nb3 Ra2+ 40. Qb2 Rxb2+ 0-1


[Site "https://www.chess.com"]

[Event "Titled Tuesday Blitz January 31 Early 2023"]
[White "Dimitrov, Atanas"]
[Black "Oparin, Grigoriy"]
[WhiteFideId "2901315"]
[BlackFideId "24125890"]
[WhiteElo "2269"]
[BlackElo "2667"]
[Result "0-1"]
[Round "02"]
[TimeControl "180+2"]
[Date "2023.01.31"]
[WhiteClock "0:00:17"]
[BlackClock "0:00:45"]

1. e4 c5 2. Nf3 d6 3. d4 cxd4 4. Nxd4 Nf6 5. Nc3 Nc6 6. g3 e5 7. Nde2 h6 8. Bg2 Be7 9. h3 O-O 10. Be3 Be6 11. O-O Rc8 12. Nd5 b5 13. c3 a6 14. g4 Nd7 15. Qd2 Bg5 16. Rad1 Na5 17. b3 Bxe3 18. Nxe3 Nb7 19. Qb2 Qb6 20. Rd2 Rc6 21. Rfd1 Rfc8 22. Kh2 Nf8 23. Ng3 Rxc3 24. Ngf5 Ng6 25. Nxd6 Nxd6 26. Rxd6 R3c6 27. R6d2 f6 28. Bf1 Nf4 29. a4 Kh7 30. axb5 axb5 31. Ng2 Nxg2 32. Kxg2 b4 33. Rd3 Rc3 34. Rd6 R8c6 35. Rxc6 Qxc6 36. Bd3 Bxb3 37. Rd2 Rxd3 38. Rxd3 Qxe4+ 39. Rf3 Bd5 40. Kf1 Qxf3 41. Qxb4 Qxh3+ 42. Ke1 Qh1+ 0-1


[Site "https://www.chess.com"]

[Event "Titled Tuesday Blitz January 31 Early 2023"]
[White "Grandelius, Nils"]
[Black "Orzech, Dominik"]
[WhiteFideId "1710400"]
[BlackFideId "1115065"]
[WhiteElo "2664"]
[BlackElo "2308"]
[Result "1/2-1/2"]
[Round "02"]
[TimeControl "180+2"]
[Date "2023.01.31"]
[WhiteClock "0:00:13"]
[BlackClock "0:00:05"]

1. Nf3 Nf6 2. g3 d5 3. Bg2 g6 4. c4 dxc4 5. Na3 Bg7 6. Nxc4 O-O 7. O-O Nc6 8. d3 a5 9. Bd2 Nd5 10. Qc1 Re8 11. Bh6 Bh8 12. a3 a4 13. Rd1 Bg4 14. Ncd2 Qd7 15. Ne4 Bxf3 16. Bxf3 Nd4 17. Kg2 Nxf3 18. exf3 Qb5 19. Qc4 Qxc4 20. dxc4 Nb6 21. c5 Nc4 22. Rac1 Nxb2 23. Rd7 Rac8 24. Rc2 b5 25. cxb6 cxb6 26. Rxe7 Nd3 27. Rxc8 Rxc8 28. Nd6 Rb8 29. Nxf7 Bf6 30. Ra7 b5 31. Nd6 Ne1+ 32. Kh3 Nxf3 33. Ne4 Bb2 34. Kg2 Ne1+ 35. Kf1 Nd3 36. Ke2 Rd8 37. Rb7 b4 38. axb4 a3 39. Ra7 Nxb4 40. Bd2 a2 41. Bxb4 a1=Q 42. Rxa1 Bxa1 43. Bc5 Kf7 44. Ng5+ Kg8 45. Be3 Re8 46. Kf3 Kg7 47. h4 h6 48. Nh3 Be5 49. Kg2 h5 50. Bb6 Kf6 51. Be3 Kf5 52. Ba7 Ra8 53. Be3 Ra2 54. Kf3 Bd6 55. Ng5 Be7 56. Ne4 Ra4 57. Nc3 Rc4 58. Ne2 g5 59. hxg5 Bxg5 60. Nd4+ Kg6 61. Bxg5 Kxg5 62. Ne2 Ra4 63. Nf4 Ra3+ 64. Kg2 Kg4 65. Nh3 Ra4 66. Ng1 Ra2 67. Nf3 Ra3 68. Nh4 Rb3 69. Ng6 Rb4 70. Ne5+ Kf5 71. Nf3 Ra4 72. Nh4+ Kg4 73. Nf3 Ra3 74. Nh2+ Kf5 75. Nf3 Ke4 76. Nh4 Ra2 77. Ng6 Kf5 78. Nf4 h4 79. Kh3 Rxf2 80. Kxh4 Rh2+ 81. Nh3 Rh1 82. g4+ Ke4 83. Kg3 Ke5 84. Ng5 Rg1+ 85. Kh4 Kf6 86. Nh3 Rg2 87. Nf4 Rf2 88. Nh3 Rg2 89. Nf4 Rxg4+ 90. Kxg4 1/2-1/2


[Site "https://www.chess.com"]

[Event "Titled Tuesday Blitz January 31 Early 2023"]
[White "Madaminov, Mukhiddin"]
[Black "Czernek, Tymon"]
[WhiteFideId "14210703"]
[BlackFideId "1199510"]
[WhiteElo "2422"]
[BlackElo "2314"]
[Result "1-0"]
[Round "02"]
[TimeControl "180+2"]
[Date "2023.01.31"]
[WhiteClock "0:00:10"]
[BlackClock "0:00:15"]

1. d4 d5 2. Nc3 Nf6 3. Bf4 e6 4. Nb5 Na6 5. e3 Be7 6. Nf3 O-O 7. Bd3 c5 8. c3 Bd7 9. a4 Qb6 10. Ne5 Be8 11. f3 Nh5 12. Bg3 f6 13. Ng4 Nxg3 14. hxg3 f5 15. Ne5 c4 16. Bc2 Bxb5 17. axb5 Qxb5 18. Ra2 Bf6 19. f4 g6 20. g4 Bxe5 21. fxe5 Qd7 22. gxf5 gxf5 23. g4 Nc7 24. Kd2 Rf7 25. gxf5 exf5 26. Kc1 Rg7 27. Qh5 Rf8 28. Rxa7 Nb5 29. Ra5 b6 30. Ra6 Qe6 31. Rf1 Rgf7 32. Kb1 Nc7 33. Ra7 Qg6 34. Qf3 Kh8 35. Qh3 b5 36. Qh2 b4 37. cxb4 Qb6 38. Ra4 Nb5 39. Rh1 Qe6 40. Ra5 Rb8 41. Qh6 Qxh6 42. Rxh6 c3 43. Bd3 Nc7 44. bxc3 f4 45. exf4 Rg8 46. f5 Rg3 47. Kc2 Rfg7 48. f6 Rg8 49. Rxh7# 1-0


[Site "https://www.chess.com"]

[Event "Titled Tuesday Blitz January 31 Early 2023"]
[White "Mammadzada, Gunay"]
[Black "Zhigalko, Sergei"]
[WhiteFideId "13403729"]
[BlackFideId "13502956"]
[WhiteElo "2449"]
[BlackElo "2572"]
[Result "0-1"]
[Round "02"]
[TimeControl "180+2"]
[Date "2023.01.31"]
[WhiteClock "0:00:02"]
[BlackClock "0:00:39"]

1. e4 c5 2. Nf3 Nc6 3. d4 cxd4 4. Nxd4 Nf6 5. Nc3 e5 6. Ndb5 d6 7. Bg5 a6 8. Na3 b5 9. Nd5 Be7 10. Bxf6 Bxf6 11. c3 Bg5 12. Nc2 Ne7 13. Ncb4 O-O 14. h4 Bh6 15. Nxe7+ Qxe7 16. Nd5 Qb7 17. Be2 Be6 18. O-O a5 19. Qd3 Bxd5 20. exd5 Rab8 21. Bg4 g6 22. h5 f5 23. Be2 e4 24. Qd1 Bf4 25. b4 a4 26. a3 Rbc8 27. c4 bxc4 28. Qxa4 Qe7 29. g3 Be5 30. Rac1 c3 31. Kg2 f4 32. Bg4 f3+ 33. Kg1 Rc7 34. Qc2 Bd4 35. Be6+ Kh8 36. Qxe4 Qf6 37. h6 g5 38. b5 Re7 39. Rfd1 Bc5 40. Rd3 g4 41. Rcxc3 Qxh6 42. Rc1 Qxc1+ 0-1


[Site "https://www.chess.com"]

[Event "Titled Tuesday Blitz January 31 Early 2023"]
[White "Ivic, Velimir"]
[Black "Sourath Biswas"]
[WhiteFideId "950122"]
[BlackFideId "35091484"]
[WhiteElo "2595"]
[BlackElo "2281"]
[Result "1-0"]
[Round "02"]
[TimeControl "180+2"]
[Date "2023.01.31"]
[WhiteClock "0:00:50"]
[BlackClock "0:00:08"]

1. e4 c6 2. Nc3 d5 3. Nf3 Bg4 4. h3 Bxf3 5. Qxf3 e6 6. g3 Bc5 7. Bg2 Nd7 8. O-O Ne7 9. d3 O-O 10. Qe2 a5 11. a4 Kh8 12. Kh2 d4 13. Nb1 f5 14. f4 Nf6 15. Nd2 b5 16. axb5 cxb5 17. exf5 exf5 18. Bxa8 Qxa8 19. Nb3 Qc8 20. Rxa5 Ned5 21. Rxb5 Bb6 22. Qg2 Qc6 23. Rxd5 Nxd5 24. Re1 Qd6 25. Re5 Nb4 26. Nd2 Bc7 27. Nc4 Qa6 28. Re7 Bd8 29. Rd7 Qa1 30. Bd2 Nxc2 31. Ne5 Bf6 32. Nf7+ Kg8 33. Qd5 h6 34. Nxh6+ Kh7 35. Qxf5+ Kxh6 36. g4 Qd1 37. Qh5# 1-0


[Site "https://www.chess.com"]